 Dungeon Crawl Stone Soup version 0.28-a0-1616-g050a50673c (webtiles) character file.

Game seed: 11207620170064045894

16662 issech the Bludgeoner (level 12, -8/130 HPs)
             Began as a Troll Berserker on Jan 23, 2022.
             Was a High Priest of Trog.
             Killed by divine providence
             ... invoked by an orc priest
              (10 damage)
             ... on level 2 of the Orcish Mines.
             The game lasted 01:03:37 (10689 turns).

issech the Bludgeoner (Troll Berserker)            Turns: 10689, Time: 01:03:39

Health: -8/130     AC: 14    Str: 26    XL:     12   Next: 12%
Magic:  11/11      EV: 12    Int:  3    God:    Trog [*****.]
Gold:   831        SH:  0    Dex: 13    Spells: 11/11 levels left

rFire   . . .      SeeInvis .   c - +5 giant spiked club of Purpose {spect, rN+}
rCold   . . .      Faith    .   (shield currently unavailable)
rNeg    + . .      Spirit   .   G - +2 steam dragon scales
rPois   .          Reflect  .   (helmet restricted)
rElec   .          Harm     .   x - +0 cloak
rCorr   .          Rampage  .   (gloves unavailable)
Will    .....                   (boots unavailable)
Stlth   ++........              q - amulet of magic regeneration
HPRegen 1.11/turn               Z - +4 ring of protection
MPRegen 0.52/turn               l - +4 ring of slaying

@: on berserk cooldown, slowed, very slow
A: large, unfitting armour, claws 3, regeneration 1, shaggy fur 1, tough skin 1,
robust 1, weak 1
a: Renounce Religion, Berserk, Trog's Hand, Brothers in Arms


You were on level 2 of the Orcish Mines.
You worshipped Trog.
Trog was extremely pleased with you.
You visited 3 branches of the dungeon, and saw 14 of its levels.
You also visited: Ossuary.

You collected 1148 gold pieces.
You spent 317 gold pieces at shops.

Inventory:

Hand Weapons
 c - the +5 giant spiked club of Purpose (weapon) {spect, rN+}
   (You acquired it on level 4 of the Dungeon)

   When its wielder attacks, the weapon's spirit leaps out and strikes again.
   The spirit shares a part of any damage it takes with its wielder.
   rN:        It protects you from negative energy.
 s - a +0 arbalest
 t - the +3 giant club of Conflict {flame, rElec rPois Stlth-}
   (Trog gifted it to you on level 8 of the Dungeon)

   It burns those it strikes, dealing additional fire damage.
   rElec:     It insulates you from electricity.
   rPois:     It protects you from poison.
   Stlth:     It makes you less stealthy.
 v - a +3 vorpal flail
 w - a +2 dire flail of protection
 F - a +1 trident of distortion
 T - a +6 great mace
Missiles
 f - 22 poisoned darts
 g - 108 sling bullets
 m - 168 arrows
 p - 263 stones
 r - 13 boomerangs
 D - 46 bolts
 S - a throwing net
 X - 9 large rocks (quivered)
Armour
 d - a +0 troll leather armour
 o - a +1 kite shield
 x - a +0 cloak (worn)
 G - +2 steam dragon scales (worn)
Jewellery
 j - a ring of fire
 l - a +4 ring of slaying (right claw)
 q - an amulet of magic regeneration (around neck)
 u - a ring of poison resistance
 Z - a +4 ring of protection (left claw)
Wands
 H - a wand of acid (12)
 P - a wand of digging (6)
 Q - a wand of flame (18)
 U - a wand of paralysis (9)
 V - a wand of mindburst (16)
 W - a wand of iceblast (2)
Scrolls
 a - 2 scrolls of fear
 i - 2 scrolls of vulnerability
 n - a scroll of silence
 B - a scroll of blinking
 C - a scroll of summoning
 I - 2 scrolls of fog
 K - 4 scrolls of teleportation
 M - 2 scrolls of identify
 O - 3 scrolls of immolation
Potions
 b - a potion of invisibility
 e - a potion of might
 h - a potion of attraction
 k - 8 potions of curing
 z - a potion of degeneration
 A - a potion of lignification
 E - a potion of berserk rage
 J - 3 potions of heal wounds
 L - 2 potions of flight
 N - 2 potions of haste
 R - a potion of resistance
 Y - a potion of mutation
Miscellaneous
 y - a phial of floods


   Skills:
 + Level 8.0 Fighting
 + Level 16.2 Maces & Flails
 + Level 0.5 Throwing
 + Level 6.5 Dodging
 + Level 3.0 Stealth
 + Level 1.5 Shields


You had 11 spell levels left.
You didn't know any spells.
Your spell library contained the following spells:

 Spells                   Type           Power      Damage    Failure   Level
 Magic Dart               Conj           0%         1d3       52%         1
 Call Imp                 Summ           0%         N/A       67%         2
 Ensorcelled Hibernation  Hex/Ice        0%         N/A       67%         2
 Passwall                 Tmut/Erth      0%         N/A       67%         2
 Conjure Flame            Conj/Fire      0%         6-21      88%         3
 Frozen Ramparts          Ice            0%         1d2       88%         3
 Ignite Poison            Fire/Tmut/Pois 0%         N/A       88%         3
 Mephitic Cloud           Conj/Pois/Air  0%         N/A       88%         3
 Portal Projectile        Hex/Tloc       0%         N/A       88%         3
 Swiftness                Air            0%         N/A       88%         3
 Airstrike                Air            0%         N/A       99%         4
 Flame Wave               Conj/Fire      0%         2d4       99%         4
 Ice Form                 Ice/Tmut       0%         N/A       99%         4
 Sticky Flame             Conj/Fire      0%         2d3       99%         4
 Summon Ice Beast         Ice/Summ       0%         N/A       99%         4
 Iskenderun's Battlesphe  Conj           0%         2d6       100%        5
 Summon Forest            Summ/Tloc      0%         N/A       100%        5
 Iron Shot                Conj/Erth      0%         9d1       100%        6
 Malign Gateway           Summ/Tloc      0%         N/A       100%        7
 Spellforged Servitor     Conj/Summ      0%         N/A       100%        7


Dungeon Overview and Level Annotations

Branches:
Dungeon (11/15)            Temple (1/1) D:6            Lair (0/6) D:10
    Orc (2/2) D:11            Elf (0/3) Orc:2       Ossuary (visited)

Altars:
Ashenzari
Cheibriados
Dithmenos
Elyvilon
Fedhas
Gozag
Hepliaklqana
Kikubaaqudgha
Makhleb
Nemelex Xobeh
Okawaru
Qazlal
Ru
Sif Muna
Trog
Uskayaw
Vehumet
Wu Jian
Xom
Yredelemnul
Zin
The Shining One

Shops:
D:2 (   D:3 (   D:5 *   D:8 *   D:9 **   D:10 ?*

Annotations:
Orc:1 1 runed translucent door, exclusion: 4 orange crystal statues


Innate Abilities, Weirdness & Mutations

You are too large for most types of armour.
You have claws for hands.
Your natural rate of healing is unusually fast.
You are covered in fur. (AC +1)
You have tough skin. (AC +1)
You are robust. (+10% HP)
You are weak. (Str -2)


Message History

The orc priest hits you but does no damage.
Your Fighting skill increases to level 8!
You barely miss the orc priest.
Your +5 giant spiked club of Purpose {spect, rN+} hits the orc priest!!!
You kill the orc priest!
Trog accepts your kill.
An orc priest comes into view. It is wielding a +0 dagger.
The orc priest invokes the aid of Beogh against you.
Pain shoots through your body!
* * * LOW HITPOINT WARNING * * *
The warg bites you but does no damage. The warg bites you!
* * * LOW HITPOINT WARNING * * *
Things that are here:
a +0 dagger; an orc corpse The warg bites you!
* * * LOW HITPOINT WARNING * * *
Blink to where?
Press: ? - help, Dir - move target An orc wizard comes into view.
It is wielding a +0 dagger.
As you read the scroll of blinking, it crumbles to dust.
You barely miss the warg.
Your +5 giant spiked club of Purpose {spect, rN+} hits the warg!!
The orc wizard shouts!
The warg bites you!
* * * LOW HITPOINT WARNING * * *
The orc wizard closely misses you.
An orc priest comes into view.
It is wielding a +0 short sword of speed.
The warg bites you.
* * * LOW HITPOINT WARNING * * *
An orc priest comes into view. It is wielding a +0 dagger.
The orc wizard hits you but does no damage.
The warg bites you but does no damage.
An orc priest comes into view. It is wielding a +0 hand axe.
The orc priest invokes the aid of Beogh against you.
Beogh smites you!
* * * LOW HITPOINT WARNING * * *
The orc priest mumbles some strange prayers to Beogh against you.
Beogh smites you!
You die...

.)))...)o...............##
.)))))oo§...o...........##
#####ho######.o..........#
#..# #h...........# #..#
#.o..........# #oh#
#..).........# #).#
#..§.........# o..#
'###..oho.......# ⌠o...
.o.....@.......##
.....##'###............#
......# #...........##
#.###..# #............# #.
#..# #.o.........##
#............#
..........)....#
..............))...#
..............)...##


You could see 2 wargs, 4 orc priests, an orc wizard and 2 orcs.

Vanquished Creatures
  A two-headed ogre (D:11)
  3 orc high priests (Orc:2)
  2 cyclopes
  An ugly thing (D:8)
  A manticore (D:11)
  Maggie (D:7)
  3 trolls
  2 hornets
  2 shadows
  2 wyverns (D:9)
  14 yaks
  3 vampire mosquitoes (D:10)
  6 wargs
  2 water moccasins
  15 orc warriors
  A hornet zombie (D:6)
  2 ice beasts
  A black bear (D:5)
  7 centaurs
  7 ogres
  A phantom (D:6)
  Blork the orc (D:6)
  A bullfrog (D:8)
  A gnoll sergeant (D:8)
  6 scorpions
  A wyvern skeleton (D:6)
  6 wights
  4 killer bees (D:8)
  4 howler monkeys
  A human zombie (Ossuary)
  2 bullfrog zombies
  10 centaur zombies
  3 hounds
  A jelly (D:5)
  19 orc priests
  A centaur skeleton (D:6)
  A bullfrog skeleton (D:6)
  4 iguanas
  12 orc wizards
  2 ogre zombies (Ossuary)
  2 hound skeletons
  7 mummies (Ossuary)
  10 gnolls
  7 adders
  2 white imps
  An ufetubus (D:7)
  3 adder zombies (Ossuary)
  2 adder skeletons (D:4)
  4 worms
  74 orcs
  7 ball pythons
  8 bats
  6 endoplasms
  3 giant cockroaches
  5 goblins
  6 hobgoblins
  4 jackals (D:2)
  5 quokkas
  4 frilled lizards
  5 goblin zombies (Ossuary)
  6 hobgoblin zombies (Ossuary)
  12 kobolds
  6 kobold zombies (Ossuary)
  2 quokka zombies (Ossuary)
  2 rats
  2 rat zombies (Ossuary)
352 creatures vanquished.

Vanquished Creatures (others)
  2 plants (D:1)
2 creatures vanquished.

Grand Total: 354 creatures vanquished

Notes
Turn   | Place    | Note
-------+----------+-------------------------------------------
     0 | D:1      | issech the Troll Berserker began the quest for the Orb.
     0 | D:1      | Reached XP level 1. HP: 22/22 MP: 0/0
    49 | D:1      | Found a faded altar of an unknown god.
   204 | D:1      | Reached skill level 3 in Maces & Flails
   219 | D:1      | Reached XP level 2. HP: 29/29 MP: 1/1
  1096 | D:2      | Found Kebuogre's Weapon Boutique.
  1099 | D:2      | Reached XP level 3. HP: 36/36 MP: 2/2
  1126 | D:2      | Reached ** piety under Trog
  1186 | D:2      | Reached XP level 4. HP: 40/44 MP: 3/3
  1431 | D:2      | Identified the +2 buckler of Pride {Dex+4}
  1687 | D:3      | Found Teahush's Antique Weapon Shoppe.
  1696 | D:3      | Reached XP level 5. HP: 26/53 MP: 4/4
  1731 | D:3      | Bought a fading whip for 150 gold pieces
  1731 | D:3      | Identified the +4 whip "Boeschypet" {pain, rN++} (You
                  | bought it in a shop on level 3 of the Dungeon)
  1773 | D:3      | Reached skill level 4 in Maces & Flails
  2007 | D:3      | Found a shimmering blue altar of Sif Muna.
  2076 | D:3      | Gained mutation: You are weak. (Str -2) [potion of
                  | mutation]
  2076 | D:3      | Gained mutation: You are robust. (+10% HP) [potion of
                  | mutation]
  2280 | D:4      | Reached XP level 6. HP: 60/67 MP: 5/5
  2312 | D:4      | Identified a scroll of acquirement
  2312 | D:4      | Acquired the +5 giant spiked club of Purpose {spect, rN+}
  2774 | D:5      | Entered Level 5 of the Dungeon
  2783 | D:5      | Reached skill level 1 in Shields
  2788 | D:5      | Reached skill level 5 in Maces & Flails
  2791 | D:5      | Reached *** piety under Trog
  2817 | D:5      | Reached XP level 7. HP: 61/73 MP: 6/6
  2938 | D:5      | Reached skill level 6 in Maces & Flails
  2958 | D:5      | Found Doczam's Neck Hole.
  2978 | D:5      | Bought a +0 cloak for 63 gold pieces
  3346 | D:6      | Reached XP level 8. HP: 85/85 MP: 7/7
  3379 | D:6      | Reached skill level 7 in Maces & Flails
  3509 | D:6      | Found a staircase to the Ecumenical Temple.
  3522 | Temple   | Entered the Ecumenical Temple
  3693 | D:6      | Found a shadowy altar of Dithmenos.
  3783 | D:6      | Reached skill level 1 in Stealth
  3790 | D:6      | Noticed Blork the orc
  3797 | D:6      | Killed Blork the orc
  3848 | D:6      | Reached skill level 8 in Maces & Flails
  4290 | D:7      | Noticed Maggie
  4298 | D:7      | Killed Maggie
  4299 | D:7      | Reached XP level 9. HP: 54/95 MP: 8/8
  4342 | D:7      | Reached skill level 5 in Fighting
  4342 | D:7      | Reached **** piety under Trog
  4375 | D:7      | Found a sand-covered staircase.
  4389 | Ossuary  | Entered an ossuary
  4643 | Ossuary  | Reached skill level 9 in Maces & Flails
  5551 | D:7      | Acquired a manual of Maces & Flails
  5659 | D:8      | Found an opulent altar of Gozag.
  5668 | D:8      | Found Gozag's Platinum Reserve.
  5710 | D:8      | Reached skill level 10 in Maces & Flails
  5864 | D:8      | Noticed a white ugly thing
  5890 | D:8      | Killed a white ugly thing
  5891 | D:8      | Reached skill level 11 in Maces & Flails
  6248 | D:8      | Reached ***** piety under Trog
  6840 | D:8      | Reached XP level 10. HP: 107/107 MP: 9/9
  6859 | D:8      | Reached skill level 12 in Maces & Flails
  6981 | D:8      | Identified the +3 giant club of Conflict {flame, rElec
                  | rPois Stlth-} (Trog gifted it to you on level 8 of the
                  | Dungeon)
  6981 | D:8      | Received a gift from Trog
  7112 | D:9      | Found Heobabent's General Store.
  7120 | D:9      | Reached skill level 5 in Dodging
  7124 | D:9      | Found Zalidgh's Specific Store.
  7143 | D:9      | Bought a potion of mutation for 104 gold pieces
  7301 | D:9      | Found the +2 hat of the Bear Spirit {Spirit, *Rage Will++}
  7315 | D:9      | Reached skill level 13 in Maces & Flails
  7741 | D:9      | Found a glowing golden altar of the Shining One.
  7965 | D:10     | Entered Level 10 of the Dungeon
  8031 | D:10     | Found a sacrificial altar of Ru.
  8062 | D:10     | Found an ornate altar of the Wu Jian Council.
  8065 | D:10     | Got the Grimoire of Orientation
  8138 | D:10     | Reached skill level 14 in Maces & Flails
  8221 | D:10     | Identified the +4 scale mail "Nawoa" {-Tele rN+ rCorr}
  8339 | D:10     | Found Qocrauw's Assorted Antiques.
  8732 | D:10     | Reached XP level 11. HP: 117/117 MP: 10/10
  8732 | D:10     | Found Cazesysa's Magic Scroll Emporium.
  8847 | D:10     | Found a staircase to the Lair.
  9033 | D:11     | Noticed a two-headed ogre
  9036 | D:11     | Killed a two-headed ogre
  9121 | D:11     | Reached skill level 15 in Maces & Flails
  9577 | D:11     | Found a staircase to the Orcish Mines.
  9600 | D:11     | Received a gift from Trog
  9614 | D:11     | Got the Compendium of the Volcanoes and the Birds
  9788 | Orc:1    | Entered Level 1 of the Orcish Mines
  9846 | Orc:1    | Found a runed translucent door.
  9855 | Orc:1    | Found the +10 tower shield of Ignorance {rN+ Int-4}
  9902 | Orc:1    | Found a runed translucent door.
  9909 | Orc:1    | Noticed an orange crystal statue
 10095 | Orc:1    | Noticed an orange crystal statue
 10095 | Orc:1    | Noticed an orange crystal statue
 10095 | Orc:1    | Noticed an orange crystal statue
 10128 | Orc:2    | Entered Level 2 of the Orcish Mines
 10338 | Orc:2    | Found a staircase to the Elven Halls.
 10391 | Orc:2    | Noticed an orc high priest
 10405 | Orc:2    | Killed an orc high priest
 10526 | Orc:2    | Reached skill level 16 in Maces & Flails
 10628 | Orc:2    | Noticed an orc high priest
 10648 | Orc:2    | Reached XP level 12. HP: 71/130 MP: 11/11
 10659 | Orc:2    | Noticed an orc high priest
 10660 | Orc:2    | Killed an orc high priest
 10666 | Orc:2    | Killed an orc high priest
 10689 | Orc:2    | HP: 2/130 [orc priest/divine providence (12)]
 10689 | Orc:2    | Killed from afar by an orc priest

Illustrated notes

Levels and vault maps discovered:
D:1:      onia_arrival_mini_spirals, layout_loops_ring,
          hellmonk_ecumenical_altar_lost_god, solitary_fountain, minivault_5,
          chequers_big_river
D:2:      layout_rooms, serial_shops, shop
D:3:      layout_rooms, mainiacjoe_overflow_six_doors_small, serial_shops,
          nicolae_shop_statue_plus, minmay_misc_feat_room
D:4:      layout_rooms, due_unseen_surprise
D:5:      layout_basic, chequers_serial_rivers_marsh,
          nicolae_shop_sticking_my_neck_out
D:6:      layout_loops_ring, mainiacjoe_overflow_24_doors, temple_hall,
          uniq_blork_the_orc
D:7:      layout_loops_ring, enter_ossuary_1, uniq_maggie
D:8:      layout_layer_cave, nicolae_gozag_zags_fifth_avenue, special_room
          [special_room_orc]
D:9:      layout_loops_cross, kennysheep_mini_moat, kennysheep_crisscross,
          nicolae_specific_store
D:10:     layout_irregular_city, mainiacjoe_overflow_two_lobes,
          lair_entry_dummy, serial_shops, shop_statue, nicolae_lakefront_shop
D:11:     layout_rooms, david_orc_1_choice, hangedman_abyss_or_decor_slice,
          nicolae_wwwww
Temple:   lightli_temple_of_artemis
Orc:1:    layout_diamond_mine, chequers_guarded_unrand_ignorance, uniq_sonja,
          uniq_josephine
Orc:2:    st_orc_town, layout_caves, minmay_shop_enchanted_jewellery

Skill      XL: |  1  2  3  4  5  6  7  8  9 10 11 12 |
---------------+-------------------------------------+-----
Maces & Flails | 3 4 5 6 8 11 14 16 | 16.2
Dodging        | 3 4 5 6 |  6.5
Fighting       | 3 4 5 6 7 8 |  8.0
Shields        | 1 |  1.5
Stealth        | 1 2 3 |  3.0
Throwing       | |  0.5

Action                   |  1- 3 |  4- 6 |  7- 9 | 10-12 || total
-------------------------+-------+-------+-------+-------++-------
Melee: Mace              |   104 |    39 |       |       ||   143
       Flail             |       |    86 |       |       ||    86
       Giant spiked club |       |    20 |   119 |   240 ||   379
Throw: Large rock        |       |       |       |     2 ||     2
       Boomerang         |       |       |       |     2 ||     2
Invok: Brothers in Arms  |       |       |     1 |       ||     1
       Berserk           |       |       |       |     2 ||     2
  Use: Scroll            |       |    13 |    11 |     8 ||    32
       Potion            |       |     1 |       |       ||     1
 Stab: Sleeping          |       |       |     3 |     1 ||     4
       Distracted        |       |       |       |     3 ||     3
Armor: Animal skin       |    65 |    61 |    15 |       ||   141
       Steam dragon scal |       |       |    21 |   107 ||   128
Dodge: Dodged            |    85 |    94 |    70 |   143 ||   392
Block: Kite shield       |       |    53 |       |       ||    53

Table legend: (Time is in decaauts)
 A = Elapsed time spent in this place.
 B = Non-inter-level travel time spent in this place.
 C = Inter-level travel time spent in this place.
 D = Time resting spent in this place.
 E = Time spent auto-exploring this place.
 F = Levels seen in this place.
 G = Mean time per level.
                   A        B        C        D        E       F      G
               +--------+--------+--------+--------+--------+-----+--------+
         Total |  10864 |  10723 |    141 |    129 |   4366 |  15 |  724.3 |
       Dungeon |   9227 |   9093 |    134 |    102 |   4038 |  11 |  838.8 |
        Temple |    118 |    118 |      0 |      0 |     83 |   1 |  118.0 |
  Orcish Mines |    918 |    911 |      7 |     27 |     72 |   2 |  459.0 |
       Ossuary |    599 |    599 |      0 |      0 |    173 |   1 |  599.0 |
               +--------+--------+--------+--------+--------+-----+--------+

Top non-repeatable levels by time:
     D:8: 1538 daAuts
     D:1: 1125 daAuts
    D:10: 1069 daAuts
     D:9: 858 daAuts
     D:6: 777 daAuts
     D:7: 763 daAuts
    D:11: 756 daAuts
     D:4: 671 daAuts
     D:5: 601 daAuts
 Ossuary: 599 daAuts
   Orc:2: 578 daAuts
     D:2: 558 daAuts
     D:3: 507 daAuts
   Orc:1: 340 daAuts
  Temple: 118 daAuts
